 Dungeon Crawl Stone Soup version 0.31-a0-175-g9f7f995f2b (webtiles) character file.

Game seed: 5638016658264148464

3021 Maxmaps the Skirmisher (level 10, -1/67 HPs)
             Began as a Formicid Hunter on June 17, 2023.
             Was a Follower of the Shining One.
             Slain by an orc warrior
             ... wielding a +0 war axe
              (10 damage)
             ... on level 8 of the Dungeon.
             The game lasted 00:07:04 (6704 turns).

Maxmaps the Skirmisher (Formicid Hunter)            Turns: 6704, Time: 00:07:04

Health: -1/67      AC:  3    Str: 15    XL:     10   Next: 10%
Magic:  10/10      EV: 12    Int:  6    God:    the Shining One [*.....]
Gold:   425        SH:  8    Dex: 29    Spells: 9/9 levels left

rFire   . . .        a - +0 shortbow
rCold   . . .        o - +0 buckler
rNeg    . . .        c - +0 leather armour
rPois   .            (helmet unavailable)
rElec   .            (no cloak)
rCorr   .            (no gloves)
SInv    +            (no boots)
Will    +....        (no amulet)
Stlth   +            (no ring)
HPRegen 0.31/turn    (no ring)
MPRegen 0.12/turn

%: no passive effects
@: mighty, attractive, glowing, invisible (but backlit and visible)
A: permanent stasis, dig shafts and tunnels, antennae 3, four strong arms, agile
2
a: Dig, Shaft Self, Renounce Religion, Divine Shield


You were on level 8 of the Dungeon.
You worshipped the Shining One.
The Shining One was aware of your devotion.
You visited 2 branches of the dungeon, and saw 9 of its levels.

You collected 425 gold pieces.

Inventory:

Hand Weapons
 a - a +0 shortbow (weapon)
Missiles
 x - 2 throwing nets
Armour
 c - a +0 leather armour (worn)
 o - a +0 buckler (worn)
Jewellery
 h - a ring of ice
Wands
 k - a wand of roots (17)
 p - a wand of polymorph (8)
 q - a wand of digging (7)
 t - a wand of flame (17)
 u - a wand of mindburst (14)
Scrolls
 b - a scroll of butterflies
 d - 5 scrolls of teleportation
 i - 2 scrolls of fog
 s - 2 scrolls of identify
Potions
 e - a potion of haste
 f - a potion of brilliance
 g - a potion of mutation
 m - a potion of degeneration
 n - 2 potions of lignification


   Skills:
 - Level 2.1 Fighting
 + Level 12.4 Ranged Weapons
 - Level 1.7 Dodging
 - Level 1.2 Stealth
 - Level 8.1 Shields


You had 9 spell levels left.
You didn't know any spells.
Your spell library contained the following spells:

 Spells                   Type           Power      Damage    Failure   Level
 Cigotuvi's Dreadful Rot  Necr/Pois/Air  0%         N/A       75%         2
 Sublimation of Blood     Necr           0%         N/A       75%         2
 Wereblood                Tmut           0%         N/A       75%         2
 Dispel Undead            Necr           0%         3d6       100%        4
 Death Channel            Necr           0%         N/A       100%        6
 Summon Hydra             Summ           0%         N/A       100%        7


Dungeon Overview and Level Annotations

Branches:
Dungeon (8/15)             Temple (1/1) D:6
   Lair: D:8-11

Altars:
Ashenzari
Cheibriados
Elyvilon
Fedhas
Hepliaklqana
Kikubaaqudgha
Makhleb
Nemelex Xobeh
Okawaru
Qazlal
Sif Muna
Trog
Uskayaw
Vehumet
Wu Jian
Xom
Yredelemnul
Zin
The Shining One


Innate Abilities, Weirdness & Mutations

You cannot be hasted, slowed, berserked, paralysed or teleported.
You can dig through walls and to a lower floor.
You have a pair of large antennae on your head. (SInv)
Your four strong arms can wield two-handed weapons with a shield.
You are very agile. (Dex +8, Str/Int -2)


Message History

The arrow hits the centaur but does no damage.
The centaur is lightly wounded.
The orc warrior barely misses you.
Fire: a) +0 shortbow
Press: ? - help, Shift-Dir - straight line, f/p - orc warrior
Aim: an orc warrior, wielding a +0 war axe and wearing a +0 plate armour (almost dead, haloed, 85% to hit)
You shoot an arrow. The arrow hits the orc warrior.
The orc warrior is almost dead.
You block the orc warrior's attack.
Fire: a) +0 shortbow
Press: ? - help, Shift-Dir - straight line, f/p - orc warrior
Aim: an orc warrior, wielding a +0 war axe and wearing a +0 plate armour (almost dead, haloed, 85% to hit)
You shoot an arrow.
The arrow hits the orc warrior but does no damage.
The orc warrior is almost dead.
The orc warrior hits you with a +0 war axe.
* * * LOW HITPOINT WARNING * * *
It was a potion of invisibility.
You become transparent, but the glow from your halo prevents you from becoming completely invisible.
You block the orc warrior's attack.
It was a potion of attraction.
You feel attractive to monsters. You block the orc warrior's attack.
Fire: a) +0 shortbow
Press: ? - help, Shift-Dir - straight line, f/p - orc warrior
Aim: an orc warrior, wielding a +0 war axe and wearing a +0 plate armour (almost dead, haloed, 85% to hit)
You shoot an arrow.
The arrow hits the orc warrior but does no damage.
The orc warrior is almost dead.
The orc warrior hits you with a +0 war axe.
* * * LOW HITPOINT WARNING * * *
Fire: a) +0 shortbow
Press: ? - help, Shift-Dir - straight line, f/p - orc warrior
Aim: an orc warrior, wielding a +0 war axe and wearing a +0 plate armour (almost dead, haloed, 85% to hit)
You shoot an arrow.
The arrow barely misses the orc warrior.
The arrow hits the ice beast but does no damage.
The ice beast is lightly wounded.
The orc warrior hits you with a +0 war axe!
You die...

{ y{ .Y #############
#{ #...........#
##{{{#.#########.#
#...{#.## #.#
#.)#..########.#
#....YocYo@..#.#######
##.##.######.#.......#
...#.........#.####.##
### #.#########.# #<#
### ### ###


You could see an orc warrior, 2 ice beasts, a centaur and an orc wizard
(invisible).

Vanquished Creatures
  Pikel (D:6)
  Grinder (D:4)
  Sigmund (D:3)
  A wyvern (D:7)
  Edmund (D:4)
  A black bear (D:4)
  A sky beast (D:7)
  An ogre (D:6)
  2 ice beasts
  A centaur (D:5)
  2 phantoms
  3 bullfrogs (D:7)
  2 scorpions
  3 wights (D:7)
  3 howler monkeys (D:7)
  4 jellies
  2 orc priests
  5 iguanas
  4 orc wizards
  Ijyb (D:3)
  11 gnolls
  4 adders
  A shadow imp (D:7)
  A white imp (D:6)
  2 worms (D:5)
  5 dart slugs
  13 orcs
  4 ball pythons
  6 bats
  6 endoplasms
  3 giant cockroaches
  5 goblins
  8 hobgoblins
  6 jackals (D:4)
  5 quokkas
  2 frilled lizards
  5 kobolds
  A rat (D:1)
128 creatures vanquished.

Vanquished Creatures (others)
  A quokka (D:7)
1 creature vanquished.

Grand Total: 129 creatures vanquished

Notes
Turn   | Place    | Note
-------+----------+-------------------------------------------
     0 | D:1      | Maxmaps the Formicid Hunter began the quest for the Orb.
     0 | D:1      | Reached XP level 1. HP: 16/16 MP: 1/1
   104 | D:1      | Reached XP level 2. HP: 22/22 MP: 2/2
   463 | D:1      | Reached XP level 3. HP: 27/27 MP: 3/3
   557 | D:2      | Reached skill level 5 in Ranged Weapons
  1075 | D:3      | Noticed Sigmund
  1082 | D:3      | Killed Sigmund
  1083 | D:3      | Reached skill level 6 in Ranged Weapons
  1083 | D:3      | Reached XP level 4. HP: 21/33 MP: 4/4
  1083 | D:3      | Reached XP level 5. HP: 24/38 MP: 5/5
  1083 | D:3      | Reached XP level 6. HP: 28/44 MP: 6/6
  1241 | D:3      | Noticed Ijyb
  1249 | D:3      | Killed Ijyb
  1250 | D:3      | Reached skill level 1 in Shields
  1304 | D:3      | Found an iron altar of Okawaru.
  1531 | D:3      | Found a blossoming altar of Fedhas.
  1796 | D:4      | Noticed Grinder
  1813 | D:4      | Killed Grinder
  1814 | D:4      | Reached skill level 5 in Shields
  1814 | D:4      | Reached XP level 7. HP: 7/50 MP: 7/7
  1977 | D:4      | Found a basalt altar of Yredelemnul.
  2077 | D:4      | Gained mutation: You are agile. (Dex +4, Str/Int -1)
                  | [potion of mutation]
  2077 | D:4      | Gained mutation: You are very agile. (Dex +8, Str/Int -2)
                  | [potion of mutation]
  2221 | D:4      | Found a broken altar of Ashenzari.
  2343 | D:4      | Noticed Edmund
  2355 | D:4      | HP: 1/50 [Edmund/+1 heavy dire flail (9)]
  2356 | D:4      | Killed Edmund
  2357 | D:4      | Reached XP level 8. HP: 1/56 MP: 8/8
  3102 | D:5      | Entered Level 5 of the Dungeon
  3106 | D:5      | Reached skill level 7 in Ranged Weapons
  3739 | D:5      | Reached skill level 8 in Ranged Weapons
  4110 | D:5      | Identified the +8 quarterstaff of Tension {freeze, rF++
                  | Str+3 Int-2}
  4167 | D:6      | Reached skill level 9 in Ranged Weapons
  4333 | D:6      | Found a shimmering blue altar of Sif Muna.
  4518 | D:5      | Reached XP level 9. HP: 58/61 MP: 9/9
  4638 | D:6      | Found a glowing golden altar of the Shining One.
  4775 | D:6      | Noticed Pikel
  4819 | D:6      | Killed Pikel
  4820 | D:6      | Reached skill level 10 in Ranged Weapons
  5151 | D:6      | Found a staircase to the Ecumenical Temple.
  5220 | Temple   | Entered the Ecumenical Temple
  5356 | D:6      | Became a worshipper of the Shining One
  5485 | D:7      | Reached skill level 11 in Ranged Weapons
  5719 | D:7      | Found a hide-covered altar of Uskayaw.
  6085 | D:7      | Reached skill level 12 in Ranged Weapons
  6085 | D:7      | Reached XP level 10. HP: 49/67 MP: 10/10
  6214 | D:7      | Found a white marble altar of Elyvilon.
  6670 | D:8      | Reached * piety under the Shining One
  6704 | D:8      | Slain by an orc warrior

Illustrated notes

Levels and vault maps discovered:
D:1:      moated_graveyard_arrival, layout_loops_ring
D:2:      layout_basic
D:3:      layout_rooms, fedhas_altar_4, okawaru_ov_weapons_minmay, uniq_sigmund,
          uniq_ijyb
D:4:      layout_basic, nicolae_overflow_crystal_walls,
          mainiacjoe_overflow_paths, uniq_grinder, uniq_edmund
D:5:      layout_loops_ring
D:6:      layout_loops_cross, mainiacjoe_overflow_boulevard,
          mainiacjoe_overflow_catwalk, minmay_temple_entry_glassed_door,
          uniq_maggie, uniq_pikel
D:7:      layout_loops_cross, elyvilon_altar_4,
          nicolae_uskayaw_murder_on_the_dancefloor
D:8:      layout_basic, minmay_ruined_shrine
Temple:   jpeg_temple_clearing

Skill      XL: |  1  2  3  4  5  6  7  8  9 |
---------------+----------------------------+-----
Ranged Weapons | 6 9 12 | 12.4
Shields        | 5 7 8 |  8.1
Fighting       | |  2.1
Dodging        | |  1.7
Stealth        | |  1.2

Action                     |  1- 3 |  4- 6 |  7- 9 | 10-12 || total
---------------------------+-------+-------+-------+-------++-------
  Melee: Shortbow          |       |       |     1 |       ||     1
   Fire: Shortbow          |    80 |    77 |   382 |    72 ||   611
    Use: Potion            |       |       |     7 |     3 ||    10
         Scroll            |       |       |     6 |     2 ||     8
 Armour: Leather armour    |     7 |     2 |    29 |       ||    38
         Skin              |       |     2 |     4 |       ||     6
  Dodge: Dodged            |    12 |    15 |    82 |     6 ||   115
  Block: Buckler           |       |       |    81 |     8 ||    89

Table legend: (Time is in decaauts)
 A = Elapsed time spent in this place.
 B = Non-inter-level travel time spent in this place.
 C = Inter-level travel time spent in this place.
 D = Time resting spent in this place.
 E = Time spent auto-exploring this place.
 F = Levels seen in this place.
 G = Mean time per level.
                   A        B        C        D        E       F      G
               +--------+--------+--------+--------+--------+-----+--------+
         Total |   6732 |   6481 |    251 |   1009 |   4495 |   9 |  748.0 |
       Dungeon |   6640 |   6402 |    238 |   1009 |   4428 |   8 |  830.0 |
        Temple |     91 |     78 |     13 |      0 |     67 |   1 |   91.0 |
               +--------+--------+--------+--------+--------+-----+--------+

Top non-repeatable levels by time:
     D:4: 1413 daAuts
     D:7: 1239 daAuts
     D:5: 1179 daAuts
     D:6: 1019 daAuts
     D:3: 647 daAuts
     D:2: 559 daAuts
     D:1: 518 daAuts
  Temple: 91 daAuts
     D:8: 63 daAuts
